 Dungeon Crawl Stone Soup version 0.28-a0-8-g6e044cfa68 (webtiles) character file.

Game seed: 2426077326364615320

52951 avis the Black Belt (level 14, 0/138 HPs)
             Began as a Barachi Transmuter on July 24, 2021.
             Was an Initiate of Gozag.
             Slain by a four-headed hydra (10 damage)
             ... on level 3 of the Lair of Beasts on July 25, 2021.
             The game lasted 03:03:35 (23542 turns).

avis the Black Belt (Barachi Transmuter)           Turns: 23542, Time: 03:03:36

Health: 0/138      AC:  3    Str: 14    XL:     14   Next: 66%
Magic:  8/21       EV: 19    Int: 15    God:    Gozag
Gold:   3917       SH:  0    Dex: 14    Spells: 1/23 levels left

rFire   x . .      SeeInvis .     - Unarmed
rCold   + + +      Faith    .   (shield currently unavailable)
rNeg    . . .      Spirit   .   (armour currently unavailable)
rPois   +          Reflect  .   (helmet currently unavailable)
rElec   .          Harm     .   (cloak currently unavailable)
rCorr   .          Rampage  .   (gloves currently unavailable)
Will    +....                   (boots currently unavailable)
Stlth   ++........              q - amulet of regeneration
HPRegen 1.33/turn               P - ring of wizardry
MPRegen 0.17/turn               E - +4 ring of evasion

@: ice-form, corroded, very slightly contaminated
A: freezing attack, boosted hp, amphibious, large, (slowness 1), (strong legs
2), +LOS
a: End Transformation, Renounce Religion, Potion Petition, Call Merchant, Bribe
Branch


You were on level 3 of the Lair of Beasts.
You worshipped Gozag.
Gozag was most pleased with you.
You were a creature of crystalline ice.
You visited 5 branches of the dungeon, and saw 20 of its levels.
You visited the Abyss 1 time.

You collected 4387 gold pieces.
You spent 420 gold pieces at shops.
You paid 50 gold pieces to Gozag.

Inventory:

Armour
 a - the +0 pair of gloves "Imne Sunn" (melded) {rF+ rC+ Will+ Stlth+}
   (You found it on level 1 of the Snake Pit)

   rF:        It protects you from fire.
   rC:        It protects you from cold.
   Will:      It increases your willpower.
   Stlth:     It makes you more stealthy.
 g - a +0 buckler (melded)
 C - a +2 cloak of poison resistance (melded)
 H - a +3 leather armour of willpower (melded)
Jewellery
 h - a +4 ring of protection
 i - a ring of see invisible
 q - an amulet of regeneration (around neck)
 z - a ring of protection from fire
 E - a +4 ring of evasion (right front paw)
 P - a ring of wizardry (left front paw)
Wands
 p - a wand of digging (11)
 L - a wand of acid (4)
 M - a wand of polymorph (19)
 N - a wand of paralysis (11)
 O - a wand of mindburst (6)
 R - a wand of flame (35)
Scrolls
 b - 8 scrolls of teleportation
 c - a scroll of summoning
 f - a scroll of amnesia
 t - a scroll of holy word
 D - 9 scrolls of fear
Potions
 e - a potion of berserk rage
 k - 4 potions of lignification
 l - a potion of cancellation
 o - 4 potions of ambrosia
 r - 2 potions of flight
 w - 3 potions of curing
 x - a potion of brilliance {unknown}
 F - a potion of invisibility
 I - a potion of might {unknown}
Miscellaneous
 j - a tin of tremorstones (2/2)
 n - a box of beasts
 s - a phial of floods (inert)
 S - a phantom mirror


   Skills:
 - Level 12.0 Fighting
 - Level 5.0 Armour
 - Level 12.0 Dodging
 - Level 3.0 Stealth
 - Level 4.0 Shields
 - Level 16.0 Unarmed Combat
 + Level 5.0 Spellcasting
 * Level 5.8 Translocations
 - Level 10.0 Transmutations
 - Level 4.0 Ice Magic
 - Level 2.0 Air Magic
 - Level 4.0 Poison Magic


You had one spell level left.
You knew the following spells:

 Your Spells              Type           Power      Damage    Failure   Level
b - Blink                 Tloc           N/A        N/A       1%          2
l - Passwall              Tmut/Erth      15%        N/A       1%          2
p - Spider Form           Tmut/Pois      12%        N/A       1%          3
q - Ice Form              Ice/Tmut       24%        N/A       3%          4
M - Manifold Assault      Tloc           21%        N/A       16%         5
S - Statue Form           Tmut/Erth      12%        N/A       75%         6

Your spell library contained the following spells:

 Spells                   Type           Power      Damage    Failure   Level
 Apportation              Tloc           42%        N/A       1%          1
 Beastly Appendage        Tmut           66%        N/A       1%          1
 Freeze                   Ice            60%        1d8       1%          1
 Sting                    Tmut/Pois      96%        1d7       1%          1
 Summon Small Mammal      Summ           12%        N/A       6%          1
 Wereblood                Tmut           33%        N/A       1%          2
 Poisonous Vapours        Pois/Air       24%        N/A       2%          2
 Frozen Ramparts          Ice            30%        1d5       4%          3
 Passage of Golubria      Tloc           N/A        N/A       6%          4
 Swiftness                Air            9%         N/A       9%          3
 Alistair's Intoxication  Tmut/Pois      16%        N/A       11%         5
 Olgreb's Toxic Radiance  Pois           15%        N/A       12%         4
 Call Canine Familiar     Summ           3%         N/A       19%         3
 Summon Guardian Golem    Hex/Summ       3%         N/A       19%         3
 Tukima's Dance           Hex            3%         N/A       19%         3
 Yara's Violent Unravell  Hex/Tmut       9%         3d6       22%         5
 Hailstorm                Conj/Ice       9%         3d4       26%         4
 Animate Dead             Necr           1%         N/A       52%         4
 Leda's Liquefaction      Hex/Erth       1%         N/A       52%         4
 Silence                  Hex/Air        3%         N/A       71%         5
 Storm Form               Tmut/Air       10%        N/A       98%         7
 Conjure Ball Lightning   Conj/Air       3%         3x3d6     99%         6
 Invisibility             Hex            1%         N/A       100%        6
 Iron Shot                Conj/Erth      1%         9d1       100%        6
 Haunt                    Necr/Summ      1%         N/A       100%        7
 Infestation              Necr           1%         N/A       100%        8


Dungeon Overview and Level Annotations

Branches:
Dungeon (12/15)            Temple (1/1) D:4            Lair (5/6) D:11
  Swamp (1/4) Lair:3        Snake (1/4) Lair:4        Slime (0/5) Lair:5
    Orc (0/2) D:10

Altars:
Ashenzari
Cheibriados
Dithmenos
Elyvilon
Fedhas
Gozag
Hepliaklqana
Kikubaaqudgha
Makhleb
Nemelex Xobeh
Okawaru
Qazlal
Ru
Sif Muna
Trog
Uskayaw
Vehumet
Wu Jian
Xom
Yredelemnul
Zin
The Shining One
Jiyva

Shops:
D:9 =   D:12 (

Annotations:
D:10 2 runed translucent doors, DunceCap's ghost, journeyman GnCj


Innate Abilities, Weirdness & Mutations

You are a creature of crystalline ice.
You have a powerful freezing melee attack.
Your maximum health is increased.
Your armour is entirely melded.
You are incapable of wielding weapons or throwing items.
You are amphibious.
((You cover ground slowly.))
((You can hop long distances.))
You have an extended range of vision and can be seen from far away.


Message History

* * * LOW HITPOINT WARNING * * *
The four-headed hydra misses you.
There is a staircase back to the Lair here.
The four-headed hydra bites you.
* * * LOW HITPOINT WARNING * * *
The four-headed hydra completely misses you.
The four-headed hydra barely misses you.
The four-headed hydra bites you.
* * * LOW HITPOINT WARNING * * *
The goliath frog hits you from afar!!
* * * LOW HITPOINT WARNING * * *
You are splashed with acid.
* * * LOW HITPOINT WARNING * * *
You climb upwards.
Welcome back to the Lair of Beasts!
There is a staircase to the Swamp here.
As you read the scroll of fear, it crumbles to dust.
You assume a fearsome visage.
The four-headed hydra looks frightened!
The four-headed hydra seems to regain its courage.
Casting: Ice Form (mildly dangerous; 3% risk of failure)
Confirm with . or Enter, or press ? or * to list all spells.
Space momentarily warps into an impossible shape!
You hit the four-headed hydra but do no damage.
Casting: Manifold Assault (dangerous; 16% risk of failure)
Confirm with . or Enter, or press ? or * to list all spells.
Space momentarily warps into an impossible shape!
You punch the four-headed hydra! You freeze the four-headed hydra.
Okay, then.
Okay, then.
Casting: Manifold Assault (dangerous; 16% risk of failure)
Confirm with . or Enter, or press ? or * to list all spells.
You miscast Blink.
You are very lightly contaminated with residual magic.
Nothing appears to happen.
The four-headed hydra closely misses you.
The four-headed hydra bites you but does no damage.
The four-headed hydra bites you.
* * * LOW HITPOINT WARNING * * *
The four-headed hydra bites you!
You die...
Your body crumbles into a pile of gold.

........####........P..###..#....
.......###.#..............#.##...
.......####...............####.+#
......###.............##..###....
.....## #..............##^.......
.>...# ##.....♣♣.♣♣....#......###
....####.....♣♣♣§≈♣♣..##..#..#...
....###......♣§§D§≈♣.....#.......
...###.......♣§§Y≈≈♣.....#...8...
..#.##.......♣§§§§♣♣..+........>.
..#.#........♣♣§§§♣♣..#......8...
..............♣♣♣♣♣...#..##......
....P.................##..#..#...
....................#####....##..
...................## ###.#......
...................# #...##.....
..................## ##......##'#


You could see a four-headed hydra.

Vanquished Creatures
  Rupert (Snake:1)
  A tentacled starspawn (Abyss:2)
  Snorg (Lair:4)
  A naga warrior (Snake:1)
  Erolcha (D:9)
  7 hydras
  2 two-headed ogres (D:10)
  3 naga sharpshooters
  A shock serpent (Snake:1)
  A skeletal warrior (D:10)
  Pikel (D:7)
  An oklob plant (Lair:4)
  A mana viper (Snake:1)
  A cyclops (D:12)
  A worldbinder (Abyss:2)
  2 salamanders (Snake:1)
  An ugly thing (D:9)
  A manticore (Lair:4)
  8 black mambas
  9 elephants (Lair:3)
  2 naga magi (Snake:1)
  7 cane toads
  A torpor snail (Lair:3)
  4 rime drakes
  A yaktaur (D:12)
  6 komodo dragons
  A troll (D:12)
  Grinder (D:6)
  15 blink frogs
  6 slime creatures
  4 dream sheep
  A meliai zombie (D:10)
  A shadow (D:12)
  8 wraiths (D:11)
  Sigmund (D:3)
  46 yaks
  5 wyverns
  A steam dragon (D:10)
  4 basilisks
  4 vampire mosquitoes (D:12)
  A warg (D:10)
  3 nagas
  5 swamp worms
  14 water moccasins
  2 sky beasts
  2 black bears (D:6)
  The ghost of DocClef the Covert, an amateur GnDe (D:5)
  An ice beast (D:4)
  An ogre (D:5)
  14 wolves
  6 centaurs
  3 phantoms
  A kobold brigand (D:11)
  11 bullfrogs
  Blork the orc (D:6)
  4 scorpions
  A water moccasin zombie (D:7)
  12 killer bees
  An electric eel (Lair:4)
  3 wights (D:8)
  2 howler monkeys (D:10)
  A bullfrog zombie (D:5)
  3 centaur zombies
  A crimson imp (Abyss:2)
  5 hounds
  4 orc priests
  Crazy Yiuf (D:5)
  A gnoll shaman (D:9)
  3 jellies
  A bullfrog skeleton (D:5)
  A centaur skeleton (D:7)
  6 iguanas
  10 orc wizards
  A mummy (D:7)
  A hound skeleton (D:4)
  9 gnolls
  8 adders
  3 ufetubi
  A worm (D:5)
  A dart slug (D:2)
  21 orcs
  9 ball pythons
  10 endoplasms
  6 giant cockroaches
  7 hobgoblins
  3 jackals
  7 quokkas
  6 bats
  7 frilled lizards
  11 goblins
  A hobgoblin zombie (D:7)
  11 kobolds
  3 orc zombies (D:7)
  8 rats
  A fire vortex (Lair:4)
425 creatures vanquished.

Vanquished Creatures (others)
  A raiju (Abyss:2)
  An orc wizard (D:6)
  11 fungi
  17 plants
  3 starspawn tentacles (Abyss:2)
33 creatures vanquished.

Grand Total: 458 creatures vanquished

Notes
Turn   | Place    | Note
-------+----------+-------------------------------------------
     0 | D:1      | avis the Barachi Transmuter began the quest for the Orb.
     0 | D:1      | Reached XP level 1. HP: 15/15 MP: 3/3
   124 | D:1      | Reached XP level 2. HP: 14/21 MP: 3/5
   133 | D:1      | Reached skill level 4 in Unarmed Combat
   509 | D:1      | Reached skill level 1 in Poison Magic
   510 | D:1      | Reached XP level 3. HP: 22/27 MP: 2/6
   647 | D:1      | Learned a level 3 spell: Spider Form
  1561 | D:2      | Reached XP level 4. HP: 29/33 MP: 3/7
  2473 | D:3      | Found a faded altar of an unknown god.
  2724 | D:3      | Noticed Sigmund
  2750 | D:3      | Killed Sigmund
  2751 | D:3      | Reached skill level 5 in Unarmed Combat
  2751 | D:3      | Reached skill level 1 in Stealth
  2751 | D:3      | Reached XP level 5. HP: 37/41 MP: 3/8
  2751 | D:3      | Reached XP level 6. HP: 43/47 MP: 3/9
  2827 | D:3      | Learned a level 4 spell: Ice Form
  3128 | D:4      | Found a staircase to the Ecumenical Temple.
  3140 | Temple   | Entered the Ecumenical Temple
  3813 | Temple   | Became a worshipper of Gozag Ym Sagoz the Greedy
  3937 | D:4      | Reached skill level 1 in Shields
  4243 | D:4      | Reached XP level 7. HP: 54/54 MP: 6/10
  4653 | D:5      | Entered Level 5 of the Dungeon
  4697 | D:5      | Reached skill level 6 in Unarmed Combat
  4809 | D:5      | Found a burning altar of Makhleb.
  4891 | D:5      | Reached XP level 8. HP: 40/60 MP: 8/11
  4959 | D:5      | Found a runed translucent door.
  4960 | D:5      | Noticed DocClef's ghost (amateur GnDe)
  4977 | D:5      | Killed DocClef's ghost
  4978 | D:5      | Reached skill level 7 in Unarmed Combat
  5003 | D:5      | Found a runed translucent door.
  5004 | D:5      | Noticed Crazy Yiuf
  5013 | D:5      | Killed Crazy Yiuf
  5080 | D:5      | Reached skill level 5 in Fighting
  5100 | D:5      | Learned a level 2 spell: Passwall
  5398 | D:5      | Reached skill level 5 in Dodging
  5623 | D:6      | Reached skill level 5 in Transmutations
  5680 | D:6      | Noticed Grinder
  5687 | D:6      | Noticed Blork the orc
  5693 | D:6      | Killed Grinder
  5694 | D:6      | Reached skill level 8 in Unarmed Combat
  5700 | D:6      | Reached XP level 9. HP: 9/68 MP: 10/12
  5716 | D:6      | Killed Blork the orc
  5997 | D:6      | Reached skill level 9 in Unarmed Combat
  6472 | D:6      | Reached skill level 10 in Unarmed Combat
  6472 | D:6      | Reached skill level 1 in Ice Magic
  6945 | D:7      | Noticed Pikel
  6956 | D:7      | Paralysed by Pikel for 3 turns
  6961 | D:7      | Killed Pikel
  6962 | D:7      | Reached skill level 11 in Unarmed Combat
  6962 | D:7      | Reached XP level 10. HP: 74/74 MP: 5/13
  8780 | D:9      | Noticed Erolcha
  8790 | D:9      | Cast into level 2 of the Abyss (Erolcha)
  8889 | Abyss:2  | Noticed a spatial maelstrom
  8918 | Abyss:2  | Noticed a worldbinder
  8930 | Abyss:2  | Killed a worldbinder
  8972 | Abyss:2  | Noticed a tentacled starspawn
  8987 | Abyss:2  | Noticed a smoke demon
  8992 | Abyss:2  | Noticed a large abomination
  9016 | Abyss:2  | Killed a tentacled starspawn
  9017 | Abyss:2  | Reached skill level 12 in Unarmed Combat
  9022 | D:9      | Escaped the Abyss
  9028 | D:9      | Killed Erolcha
  9248 | D:9      | Found Gajanuce's Jewellery Shop.
  9276 | D:9      | Bought a ring of wizardry for 420 gold pieces
  9284 | D:9      | Learned a level 5 spell: Alistair's Intoxication
  9315 | D:9      | Identified the +3 robe of Xaphuic {Will+}
  9357 | D:9      | Reached XP level 11. HP: 83/90 MP: 11/15
  9362 | D:9      | Reached skill level 10 in Fighting
  9887 | D:9      | Reached skill level 1 in Armour
  9899 | D:9      | Noticed a cyan ugly thing
  9938 | D:9      | Killed a cyan ugly thing
  9939 | D:9      | Reached skill level 5 in Armour
 10395 | D:4      | You fall into a shaft and drop 2 floors!
 10450 | D:10     | Entered Level 10 of the Dungeon
 10472 | D:10     | Noticed a two-headed ogre
 10481 | D:10     | Killed a two-headed ogre
 10793 | D:10     | Found a large runed translucent door.
 10793 | D:10     | Found a large runed translucent door.
 10795 | D:10     | Noticed DunceCap's ghost (journeyman GnCj)
 10952 | D:10     | Found a staircase to the Orcish Mines.
 11069 | D:10     | Noticed a two-headed ogre
 11081 | D:10     | Killed a two-headed ogre
 12551 | D:11     | Reached skill level 5 in Spellcasting
 12930 | D:11     | Noticed a seven-headed hydra
 12938 | D:11     | Killed a seven-headed hydra
 12939 | D:11     | Reached XP level 12. HP: 62/97 MP: 15/19
 13297 | D:11     | Found a staircase to the Lair.
 13414 | D:11     | Found the +5 scythe "Finisher" {speed, eviscerate}
 13692 | Lair:1   | Entered Level 1 of the Lair of Beasts
 13738 | Lair:1   | Noticed a four-headed hydra
 13776 | Lair:1   | Killed a four-headed hydra
 13866 | Lair:1   | Reached skill level 10 in Dodging
 13986 | Lair:1   | Noticed an eight-headed hydra
 13989 | Lair:1   | Noticed an eight-headed hydra
 14001 | Lair:1   | Killed an eight-headed hydra
 14007 | Lair:1   | Killed an eight-headed hydra
 14009 | Lair:1   | Reached skill level 13 in Unarmed Combat
 15162 | Lair:2   | Reached skill level 14 in Unarmed Combat
 15177 | Lair:2   | Gained mutation: You can hop long distances. [Barachi
                  | growth]
 15177 | Lair:2   | Reached XP level 13. HP: 103/103 MP: 20/20
 16179 | Lair:3   | Reached skill level 15 in Unarmed Combat
 16474 | Lair:3   | Found a staircase to the Swamp.
 17702 | Lair:4   | Noticed Snorg
 17711 | Lair:4   | Killed Snorg
 17784 | Lair:4   | Learned a level 5 spell: Yara's Violent Unravelling
 17936 | Lair:4   | Reached skill level 10 in Transmutations
 18221 | Lair:4   | Reached XP level 14. HP: 99/115 MP: 21/21
 18320 | Lair:4   | Found a staircase to the Snake Pit.
 18600 | Lair:4   | Reached skill level 16 in Unarmed Combat
 19645 | Lair:5   | Found a staircase to the Slime Pits.
 19647 | Lair:5   | Found a viscous altar of Jiyva.
 21075 | D:12     | Learned a level 2 spell: Blink
 21088 | D:12     | Found Nyxusoq's Antique Weapon Shoppe.
 21236 | Lair:1   | Learned a level 5 spell: Manifold Assault
 21245 | Lair:1   | Learned a level 7 spell: Storm Form
 21683 | Snake:1  | Entered Level 1 of the Snake Pit
 21778 | Snake:1  | Identified the +0 pair of gloves "Imne Sunn" {rF+ rC+ Will+
                  | Stlth+}
 21988 | Snake:1  | Reached skill level 1 in Translocations
 22105 | Snake:1  | Noticed Rupert
 22128 | Snake:1  | Killed Rupert
 22496 | Snake:1  | Reached skill level 5 in Translocations
 22499 | Snake:1  | HP: 2/138 [salamander (19)]
 22501 | Snake:1  | Reached skill level 1 in Air Magic
 22711 | Snake:1  | Found a shimmering blue altar of Sif Muna.
 23375 | Lair:1   | Identified a scroll of acquirement
 23375 | Lair:1   | Acquired Sif Muna's Papyrus of Gliding Earth
 23388 | Lair:1   | Learned a level 6 spell: Statue Form
 23521 | Swamp:1  | Entered Level 1 of the Swamp
 23534 | Swamp:1  | HP: 6/138 [acid (5)]
 23542 | Lair:3   | Slain by a four-headed hydra

Illustrated notes

Levels and vault maps discovered:
D:1:      minmay_arrival_solitary_statue, layout_rooms, minmay_pentomino_o4
D:2:      layout_basic, minmay_cupped
D:3:      layout_basic, basic_ecumenical_altar, uniq_sigmund
D:4:      minmay_angry_zag, layout_loops_ring, minmay_temple_entry_purple_smoke,
          chequers_serial_rivers_micro_b
D:5:      layout_gridville, mainiacjoe_overflow_paths, gammafunk_ghost_grave,
          uniq_crazy_yiuf_cottage
D:6:      minmay_diamond_boxcup, layout_basic, uniq_blork_the_orc, uniq_grinder
D:7:      layout_basic, serial_curves, eino_curves_03, eino_curves_02,
          minmay_mini_ossuary, uniq_pikel
D:8:      layout_basic
D:9:      layout_basic, serial_shops, shop, uniq_erolcha
D:10:     layout_layer_cave, erik_orc_3, ebering_ghost_disaster_area
D:11:     layout_basic, minmay_lair_entry_grove, minmay_guarded_unrand_finisher
D:12:     minmay_stepped, layout_basic, serial_shops, nicolae_diamond_shop,
          gammafunk_ghost_hive
Temple:   nicolae_temple_the_god_donut
Lair:1:   layout_hall_layers
Lair:2:   layout_regular_city, nicolae_quartered_pool_super
Lair:3:   layout_cave_pods, minmay_swamp_entry_worms, grunt_megastairs_2
Lair:4:   nzn_winding_woodlands_cross [nzn_winding_woodlands_5x15_garden,
          nzn_winding_woodlands_5x15_pool, nzn_winding_woodlands_5x15_parted,
          nzn_winding_woodlands_5x15_twine,
          nzn_winding_woodlands_15x15_killbox], layout_gridlike,
          dummy_snake_entry, uniq_snorg
Lair:5:   layout_cave_pods, slime_altar_1, chequers_serial_rivers_room_b,
          minivault_26
Swamp:1:  layout_basic_swamp, infiniplex_staircase_pool, swamp_pool3
Snake:1:  layout_concentric_octagons, basic_altar, grunt_ministairs_5,
          uniq_rupert

Skill      XL: |  1  2  3  4  5  6  7  8  9 10 11 12 13 14 |
---------------+-------------------------------------------+-----
Unarmed Combat | 4 5 6 8 11 12 14 15 16 | 16.0
Fighting       | 2 3 4 5 9 10 12 | 12.0
Poison Magic   | 1 2 4 |  4.0
Transmutations | 3 4 5 8 10 | 10.0
Dodging        | 3 5 7 10 12 | 12.0
Stealth        | 1 2 3 |  3.0
Shields        | 3 4 |  4.0
Ice Magic      | 4 |  4.0
Spellcasting   | 3 5 |  5.0
Armour         | 5 |  5.0
Translocations | 5 |  5.8
Air Magic      | 2 |  2.0

Action                   |  1- 3 |  4- 6 |  7- 9 | 10-12 | 13-15 || total
-------------------------+-------+-------+-------+-------+-------++-------
Melee: Unarmed           |   105 |   102 |   237 |   564 |   480 ||  1488
       Kick              |    22 |     1 |     1 |     8 |     2 ||    34
       Headbutt          |     8 |       |     2 |     3 |     1 ||    14
       Punch             |       |     1 |       |       |       ||     1
 Cast: Beastly Appendage |    22 |     2 |     2 |     4 |     1 ||    31
       Spider Form       |     6 |    26 |    37 |    60 |    20 ||   149
       Alistair's Intoxi |       |       |       |     2 |       ||     2
       Ice Form          |       |       |       |    15 |    44 ||    59
       Passwall          |       |       |       |       |     1 ||     1
       Manifold Assault  |       |       |       |       |     8 ||     8
       Yara's Violent Un |       |       |       |       |     2 ||     2
 Abil: End Transformatio |       |       |       |     1 |     2 ||     3
       Hop               |       |       |       |     1 |       ||     1
Evoke: Wand              |       |       |       |     2 |     6 ||     8
       Phial of floods   |       |       |       |       |     1 ||     1
       Tin of tremorston |       |       |       |       |     1 ||     1
  Use: Scroll            |       |       |     8 |     1 |    24 ||    33
       Potion            |       |       |     4 |       |     9 ||    13
 Stab: Sleeping          |     1 |     5 |     2 |     8 |     4 ||    20
       Distracted        |       |       |       |     4 |     3 ||     7
       Confused          |       |       |       |     1 |       ||     1
Armor: Robe              |    21 |     2 |     3 |     4 |       ||    30
       Skin              |       |     9 |    93 |    25 |    43 ||   170
       Leather armour    |       |       |       |       |     3 ||     3
Dodge: Dodged            |    50 |    82 |   195 |   443 |   282 ||  1052
Block: Buckler           |       |       |    17 |    10 |     4 ||    31

Table legend: (Time is in decaauts)
 A = Elapsed time spent in this place.
 B = Non-inter-level travel time spent in this place.
 C = Inter-level travel time spent in this place.
 D = Time resting spent in this place.
 E = Time spent auto-exploring this place.
 F = Levels seen in this place.
 G = Mean time per level.
                   A        B        C        D        E       F      G
               +--------+--------+--------+--------+--------+-----+--------+
         Total |  26079 |  21030 |   5049 |   2180 |  12100 |  21 | 1241.9 |
       Dungeon |  15622 |  12411 |   3211 |   1057 |   7430 |  12 | 1301.8 |
        Temple |    878 |    831 |     47 |      0 |    719 |   1 |  878.0 |
          Lair |   7691 |   5985 |   1706 |    624 |   3452 |   5 | 1538.2 |
         Swamp |     12 |     12 |      0 |      0 |      0 |   1 |   12.0 |
     Snake Pit |   1640 |   1555 |     85 |    420 |    498 |   1 | 1640.0 |
         Abyss |    234 |    234 |      0 |     79 |      0 |   1 |  234.0 |
               +--------+--------+--------+--------+--------+-----+--------+

Top non-repeatable levels by time:
  Lair:1: 1961 daAuts
    D:10: 1956 daAuts
     D:9: 1846 daAuts
  Lair:3: 1743 daAuts
  Lair:4: 1700 daAuts
 Snake:1: 1640 daAuts
    D:11: 1565 daAuts
     D:2: 1512 daAuts
     D:8: 1432 daAuts
     D:6: 1392 daAuts
     D:5: 1309 daAuts
     D:4: 1259 daAuts
  Lair:2: 1232 daAuts
     D:1: 1081 daAuts
  Lair:5: 1053 daAuts
